 Dungeon Crawl Stone Soup version 0.30-a0-879-ga8ba668304 (webtiles) character file.

Game seed: 2174569561627355607

56 hikkokomori the Gusty (level 3, 0/20 HPs)
             Began as a Tengu Air Elementalist on Mar 13, 2023.
             Succumbed to an adder's poison
             ... on level 2 of the Dungeon.
             The game lasted 00:01:50 (996 turns).

hikkokomori the Gusty (Tengu Air Elementalist)       Turns: 996, Time: 00:01:51

Health: 0/20       AC:  3    Str:  8    XL:     3   Next: 95%
Magic:  3/7        EV: 12    Int: 17    God:
Gold:   40         SH:  0    Dex: 14    Spells: 5/6 levels left

rFire   . . .      SeeInvis .    e - +0 falchion
rCold   . . .      Faith    .    (no shield)
rNeg    . . .      Spirit   .    a - +1 robe
rPois   .          Reflect  .    (helmet restricted)
rElec   .          Rampage  .    (no cloak)
rCorr   .                        (no gloves)
Will    .....                    (boots unavailable)
Stlth   ++                       (no amulet)
HPRegen 0.23/turn                (no ring)
MPRegen 0.10/turn                (no ring)

@: mighty, lethally poisoned (0 -> -6)
A: beak, talons 3
a: no special abilities


You were on level 2 of the Dungeon.
You visited 1 branch of the dungeon, and saw 2 of its levels.

You collected 40 gold pieces.

Inventory:

Hand Weapons
 e - a +0 falchion (weapon)
Armour
 a - a +1 robe (worn)
Scrolls
 c - a scroll of amnesia
 d - a scroll of identify {unknown}
 g - 2 scrolls of enchant armour
 h - a scroll of torment {unknown}
Potions
 b - a potion of magic


   Skills:
 + Level 1.4 Fighting
 - Level 2.1 Dodging
 + Level 2.7 Stealth
 - Level 2.0 Spellcasting
 + Level 2.6 Conjurations
 + Level 4.6 Air Magic


You had 5 spell levels left.
You knew the following spells:

 Your Spells              Type           Power      Damage    Failure   Level
a - Shock                 Conj/Air       56%        1d6       4%          1

Your spell library contained the following spells:

 Spells                   Type           Power      Damage    Failure   Level
 Static Discharge         Conj/Air       28%        2-4/arc   7%          2
 Swiftness                Air            17%        N/A       9%          3
 Airstrike                Air            8%         2d(2-18)  28%         4


Dungeon Overview and Level Annotations

Branches:
Dungeon (2/15)

Altars:


Innate Abilities, Weirdness & Mutations

You have a beak for a mouth.
You have claws for feet.


Message History

You closely miss the adder. Your kick misses the adder.
The adder is moderately wounded.
You feel sick. The adder closely misses you. The adder bites you.
You are more poisoned.
The adder poisons you!
You hit the adder. You claw the adder.
The adder is severely wounded.
You feel very sick. The adder barely misses you. The adder bites you.
You are lethally poisoned!
The adder poisons you!
You are too injured to fight recklessly!
Casting: Shock (safe; 4% risk of failure)
Confirm with . or Enter, or press ? or * to list all spells.
Aiming: Shock (safe; 4% risk of failure)
Press: ? - help, Shift-Dir - straight line, f/p - adder
Aim: an adder (severely wounded, 48% to hit)
The zap hits the adder.
You kill the adder!
* * * LOW HITPOINT WARNING * * *
You feel very sick.
Okay, then.
Sorry, you're not good enough to have a special ability.
Unknown command.
It was a potion of might.
You feel very mighty all of a sudden.
* * * LOW HITPOINT WARNING * * *
You feel sick.
As you read the scroll labelled BYAQAERUCE, it crumbles to dust.
It is a scroll of enchant armour.
Your +0 robe glows green for a moment.
* * * LOW HITPOINT WARNING * * *
You feel sick.
As you read the scroll labelled TEOSMO HAPSI, it crumbles to dust.
It is a scroll of amnesia.
Really abort (and waste the scroll)? [Y]es or [N]o only, please.
Really abort (and waste the scroll)?
Okay, then.
You die...

####### .... ....>.....#
#...... ....##.........#
#.####.
.....#.........###.##..<
....<.........†.........
...............###.##...
...............# #.####.
..#............###.####.
......†@..†...........##
....#.###.#.###.#####.#
. .. #...# #.# # ...
##..# #.# ... #..# #.#
#. #..# #.# # #..# #.#
#..# #.# .#.


There were no monsters in sight!

Vanquished Creatures
  3 adders (D:2)
  A worm (D:2)
  3 dart slugs (D:1)
  An endoplasm (D:1)
  A giant cockroach (D:1)
  2 goblins (D:1)
  3 hobgoblins (D:1)
  3 jackals (D:1)
  A ball python (D:1)
  A bat (D:1)
  2 frilled lizards
21 creatures vanquished.

Notes
Turn   | Place    | Note
-------+----------+-------------------------------------------
     0 | D:1      | hikkokomori the Tengu Air Elementalist began the quest for
                  | the Orb.
     0 | D:1      | Reached XP level 1. HP: 10/10 MP: 4/4
   264 | D:1      | Reached XP level 2. HP: 16/16 MP: 6/6
   521 | D:1      | Reached skill level 1 in Fighting
   707 | D:1      | Reached XP level 3. HP: 20/20 MP: 2/7
   995 | D:2      | HP: 1/20 [poisoned by an adder]
   996 | D:2      | Succumbed to an adder's poison

Illustrated notes

Levels and vault maps discovered:
D:1:      psy_arrival_conway, layout_loops_ring
D:2:      kennysheep_the_goblin_king, layout_loops_ring

Skill      XL: |  1  2 |
---------------+-------+-----
Conjurations   | 2 |  2.6
Fighting       | 1 |  1.4
Dodging        | |  2.1
Stealth        | |  2.7
Spellcasting   | |  2.0
Air Magic      | |  4.6

Action                     || total
---------------------------++-------
  Melee: Falchion          ||    22
         Kick              ||     7
         Peck              ||     2
   Cast: Shock             ||    30
    Use: Scroll            ||     2
         Potion            ||     1
   Stab: Sleeping          ||     3
 Armour: Robe              ||     1
  Dodge: Dodged            ||    18

Table legend: (Time is in decaauts)
 A = Elapsed time spent in this place.
 B = Non-inter-level travel time spent in this place.
 C = Inter-level travel time spent in this place.
 D = Time resting spent in this place.
 E = Time spent auto-exploring this place.
 F = Levels seen in this place.
 G = Mean time per level.
                   A        B        C        D        E       F      G
               +--------+--------+--------+--------+--------+-----+--------+
         Total |   1006 |    962 |     44 |      0 |    819 |   2 |  503.0 |
       Dungeon |   1006 |    962 |     44 |      0 |    819 |   2 |  503.0 |
               +--------+--------+--------+--------+--------+-----+--------+

Top non-repeatable levels by time:
     D:1: 884 daAuts
     D:2: 121 daAuts
